 Dungeon Sprint DCSS version 0.23-a0-650-ga4d50d4 (webtiles) character file.

33131 Leeroy the Barachian Blade (level 13, -5/106 HPs)
             Began as a Barachi Skald on Jan 2, 2019.
             Was the Champion of Qazlal.
             Slain by a soul eater (12 damage)
             ... in the Dungeon (Sprint V: "Ziggurat Sprint").
             The game lasted 00:38:36 (3012 turns).

Leeroy the Barachian Blade (Barachi Skald)          Turns: 3012, Time: 00:38:37

Health: -5/106     AC: 24    Str: 19    XL:     13   Next: 69%
Magic:  1/18       EV: 15    Int: 17    God:    Qazlal [******]
Gold:   0          SH: 17    Dex: 13    Spells: 1/18 levels left

rFire    + + +     SeeInvis .   I - +7 Screaming Sword {slice, sonic wave}
rCold    x . .     Gourm    .   Q - +2 shield {AC+3}
rNeg     . . .     Faith    .   a - +5 fire dragon scales
rPois    .         Spirit   .   (no helmet)
rElec    .         Reflect  .   (no cloak)
rCorr    .         Harm     .   (no gloves)
MR       .....     NoTele   +   (no boots)
Stlth    ..........             (no amulet)
HPRegen  0.27/turn              S - ring of Panentheism {rF+ Str+6}
MPRegen  0.16/turn              j - ring of wizardry

@: protected from physical damage, very slightly contaminated, repel missiles,
slow
A: +LOS, swims, slowness 1, strong legs 2
a: Hop, Upheaval, Elemental Force, Disaster Area, Renounce Religion


You were in the Dungeon.
You worshipped Qazlal.
Qazlal was exalted by your worship.
You were not hungry.

You visited 1 branch

Inventory:

Hand Weapons
 b - the cursed +3 great sword of Integrity {freeze, -Tele Str+4 SInv}
   (You found it in the Dungeon)

   It has been specially enchanted to freeze those struck by it, causing extra
   injury to most foes and up to half again as much damage against particularly
   susceptible opponents.
   It can also slow down cold-blooded creatures.
   It affects your strength (+4).
   It lets you see invisible.
   It prevents most forms of teleportation.
   It has a curse placed upon it.
 m - a +7 dagger of pain
 I - the +7 Screaming Sword (weapon) {slice, sonic wave}
   (You found it in the Dungeon)

   It inflicts extra damage upon your enemies.
 J - the +11 plutonium sword {*Contam Stlth-}
   (You found it in the Dungeon)

   It causes magical contamination when unequipped.
   It makes you less stealthy.
 K - the +9 sword of Zonguldrok {reap}
   (You found it in the Dungeon)

   If a monster killed with it leaves a corpse in good enough shape, the corpse
   will be animated as a zombie friendly to the killer.
 L - a +5 triple sword
 M - a +7 demon blade of pain
 V - a +4 hand crossbow of freezing
 Y - a +9 quick blade
Armour
 a - +5 fire dragon scales (worn)
 N - +5 ice dragon scales
 O - the +15 Maxwell's patent armour {-Cast -Tele rElec MR+ rCorr}
   (You found it in the Dungeon)

   It insulates you from electricity.
   It affects your resistance to hostile enchantments.
   It prevents spellcasting.
   It prevents most forms of teleportation.
   It provides partial protection from all sources of acid and corrosion.
 P - the +18 shield of the Gong {rElec rN+ MR+ EV-5}
   (You found it in the Dungeon)

   It affects your evasion (-5).
   It insulates you from electricity.
   It protects you from negative energy.
   It affects your resistance to hostile enchantments.
 Q - a +2 shield of protection (worn)
Magical Staves
 F - an uncursed staff of energy
 U - an uncursed staff of cold
Jewellery
 f - the ring of the Mage {Wiz MR++ Int+3}
   (You took it off a wight in the Dungeon)

   [ring of wizardry]

   It improves your spell success rate.
   It affects your intelligence (+3).
   It affects your resistance to hostile enchantments.
 j - a ring of wizardry (right hand)
 y - a +6 ring of dexterity
 z - a +6 ring of dexterity
 A - a +6 ring of intelligence
 B - a +6 ring of intelligence
 C - a +6 ring of strength
 D - a +6 ring of strength
 E - an uncursed ring of flight
 S - the ring of Panentheism (left hand) {rF+ Str+6}
   (You found it in the Dungeon)

   [ring of strength]

   It affects your strength (+6).
   It protects you from fire.
 W - an uncursed ring of flight
 X - the ring "Vaar" {rPois rN+ MR- Str+4 Int+4}
   (You found it in the Dungeon)

   [ring of poison resistance]

   It affects your strength (+4).
   It affects your intelligence (+4).
   It protects you from poison.
   It protects you from negative energy.
   It affects your resistance to hostile enchantments.
Wands
 v - a wand of disintegration (7)
 w - a wand of iceblast (7)
 x - a wand of acid (7)
Scrolls
 p - 4 scrolls of amnesia
 q - 5 scrolls of fog
 s - 5 scrolls of identify
 t - 5 scrolls of remove curse
 u - 2 scrolls of fear
Potions
 c - 2 potions of brilliance
 e - 7 potions of curing
 g - 7 potions of haste
 h - 4 potions of magic
 i - a potion of berserk rage
 k - 2 potions of invisibility
 l - 3 potions of resistance
 n - 5 potions of agility
 o - 5 potions of might
Miscellaneous
 G - a crystal ball of energy
 H - a lightning rod (4/4)
 R - 4 phantom mirrors
 T - a phial of floods
 Z - a lamp of fire
Comestibles
 d - 5 rations


   Skills:
 - Level 11.4 Fighting
 - Level 21.1 Long Blades
 - Level 14.4 Armour
 - Level 15.1 Dodging
 - Level 3.1 Spellcasting
 * Level 10.4 Conjurations
 - Level 18.7 Hexes
 + Level 5.7 Charms
 - Level 10.1 Ice Magic
 * Level 7.4 Invocations


You had one spell level left.
You knew the following spells:

 Your Spells              Type           Power        Failure   Level  Hunger
a - Infusion              Chrm           ###.         12%         1    None
b - Spectral Weapon       Hex/Chrm       #####...     2%          3    ###....
c - Tukima's Dance        Hex            ######..     1%          3    ###....
d - Summon Butterflies    Summ           #.......     75%         1    None
e - Throw Icicle          Conj/Ice       #####...     19%         4    ####...
f - Dazzling Spray        Conj/Hex       ######       1%          3    ###....
g - Ensorcelled Hibernat  Hex/Ice        ######       1%          2    ##.....

Your spell library contained the following spells:

 Spells                   Type           Power        Failure   Level  Hunger
 Corona                   Hex            ######.      1%          1    None
 Freeze                   Ice            ####         1%          1    None
 Apportation              Tloc           #.....       75%         1    None
 Beastly Appendage        Tmut           #.....       75%         1    None
 Confuse                  Hex            ######..     1%          3    ###....
 Throw Frost              Conj/Ice       #####.       2%          2    ##.....
 Portal Projectile        Hex/Tloc       ####..       9%          3    ###....
 Darkness                 Hex            ######....   9%          6    #######
 Invisibility             Hex            ######..     9%          6    #######
 Metabolic Englaciation   Hex/Ice        ######....   10%         5    ######.
 Ozocubu's Armour         Chrm/Ice       ####....     16%         3    ###....
 Song of Slaying          Chrm           ###.....     17%         2    ##.....
 Leda's Liquefaction      Hex/Erth       ####......   26%         4    ####...
 Stone Arrow              Conj/Erth      ###...       38%         3    ###....
 Shroud of Golubria       Chrm/Tloc      ##........   50%         2    ##.....
 Swiftness                Chrm/Air       ##......     50%         2    ##.....
 Silence                  Hex/Air        ####......   56%         5    ######.
 Regeneration             Chrm/Necr      ##........   71%         3    ###....
 Force Lance              Conj/Tloc      ###.....     78%         4    ####...
 Ice Form                 Ice/Tmut       ###.....     80%         4    ####...
 Summon Ice Beast         Ice/Summ       ###.....     80%         4    ####...
 Corpse Rot               Necr           N/A          86%         2    ##.....
 Passwall                 Tmut/Erth      #.......     86%         2    ##.....
 Sticks to Snakes         Tmut           #.......     86%         2    ##.....
 Bolt of Cold             Conj/Ice       #####.....   94%         6    #######
 Ozocubu's Refrigeration  Ice            #####.....   95%         6    #######
 Gell's Gravitas          Tloc           #.........   97%         3    ###....
 Ignite Poison            Fire/Tmut/Pois #.......     97%         3    ###....
 Lesser Beckoning         Tloc           #.........   97%         3    ###....
 Spider Form              Tmut/Pois      #.........   97%         3    ###....
 Discord                  Hex            ######....   97%         8    #######
 Fireball                 Conj/Fire      ###.......   98%         5    ######.
 Venom Bolt               Conj/Pois      ###.......   98%         5    ######.
 Passage of Golubria      Tloc           N/A          100%        4    ####...
 Alistair's Intoxication  Tmut/Pois      #.......     100%        5    ######.
 Blade Hands              Tmut           #.........   100%        5    ######.
 Borgnjor's Vile Clutch   Necr/Erth      #.........   100%        5    ######.
 Lee's Rapid Deconstruct  Erth           #.........   100%        5    ######.
 Summon Forest            Summ/Tloc      #.........   100%        5    ######.
 Dispersal                Tloc           #.........   100%        6    #######
 Freezing Cloud           Conj/Ice/Air   ####......   100%        6    #######
 Hydra Form               Tmut           #.........   100%        6    #######
 Poison Arrow             Conj/Pois      ###.......   100%        6    #######
 Shadow Creatures         Summ           N/A          100%        6    #######
 Simulacrum               Ice/Necr       ###.......   100%        6    #######
 Haunt                    Necr/Summ      #.........   100%        7    #######
 Summon Hydra             Summ           #.........   100%        7    #######
 Borgnjor's Revivificati  Necr           #.........   100%        8    #######
 Chain Lightning          Conj/Air       ###.......   100%        8    #######
 Controlled Blink         Tloc           N/A          100%        8    #######
 Death's Door             Chrm/Necr      ##........   100%        8    #######
 Disjunction              Tloc           #.........   100%        8    #######
 Infestation              Necr           #.........   100%        8    #######
 Lehudib's Crystal Spear  Conj/Erth      ###.......   100%        8    #######
 Necromutation            Tmut/Necr      #.........   100%        8    #######
 Fire Storm               Conj/Fire      ###.......   100%        9    #######
 Glaciate                 Conj/Ice       #####.....   100%        9    #######


Dungeon Overview and Level Annotations

Branches:
Dungeon (1/1)

Altars:
Ashenzari
Cheibriados
Dithmenos
Elyvilon
Fedhas
Gozag
Hepliaklqana
Kikubaaqudgha
Makhleb
Nemelex Xobeh
Okawaru
Qazlal
Ru
Sif Muna
Trog
Uskayaw
Vehumet
Wu Jian
Xom
Yredelemnul
Zin
The Shining One
Beogh
Jiyva
Lugonu


Innate Abilities, Weirdness & Mutations

Shadows flee at your approach. (+LOS)
You can swim through water.
You cover ground slowly.
You can hop long distances.


Message History

The soul eater draws from the surrounding life force!
* * * LOW HITPOINT WARNING * * *
The soul eater is healed.
Unknown command.
Unknown command.
Unknown command.
Unknown command.
Unknown command.
You hit the soul eater but do no damage.
The soul eater is severely wounded.
Unknown command.
You slice the soul eater!!
You kill the soul eater!
You hit the soul eater but do no damage.
The Screaming Sword booms, "We will celebrate on a pile of carcasses!"
You send a blast of sound all around you.
The ghoul and the soul eater are blasted.
The ghoul is severely damaged.
The soul eater is severely wounded. x2
The soul eater hits you!
You die...

▓...)?}}":..▓...©..
▓...........▓▓▓▓▓▓▓
▓...........▓...8©8
▓...........▓..).[)
▓. ........ ▓...).[
▓. .....▓ ▓......
▓.▓▓▓...▓▓ ▓......
▓.○▓.....▓..▓......
▓.@3n.©.....▓......
▓▓▓▓▓▓▓▓▓▓▓▓▓....†.
▓....8©8....▓...†©.
▓...[))..)..▓▓▓▓▓▓▓
▓...}}[))...▓...8©8
▓......)....▓..})[.
▓...........▓...).}
▓.........).▓.....2
▓........)..▓......


You could see a ghoul and a soul eater.

Vanquished Creatures
  An ancient lich (D)
  2 shadow dragons (D)
  A deep elf sorcerer (D)
  A reaper (D)
  A very ugly thing (D)
  2 mummy priests (D)
  A death scarab (D)
  A dancing weapon (D)
  A death yak (shapeshifter) (D)
  An orc high priest (D)
  2 soul eaters (D)
  2 skeletal warriors (D)
  A sixfirhy (D)
  2 necromancers (D)
  2 deep elf archers (D)
  A harpy (shapeshifter) (D)
  2 ugly things (D)
  3 deep elf magi (D)
  3 black mambas (D)
  An orange demon (D)
  2 rime drakes (D)
  A freezing wraith (D)
  3 guardian mummies (D)
  An ice devil (D)
  A tormentor (D)
  A jumping spider (D)
  A hornet (shapeshifter) (D)
  A jumping spider (shapeshifter) (D)
  3 polar bears (D)
  A slime creature (shapeshifter) (D)
  A flying skull (D)
  A vampire (D)
  A spriggan (shapeshifter) (D)
  4 shadows (D)
  A water elemental (D)
  A neqoxec (D)
  A naga (D)
  2 hell hounds (D)
  2 water moccasins (D)
  A phantom (D)
  A wolf (D)
  3 scorpions (D)
  2 wights (D)
  A quasit (D)
  2 iron imps (D)
  4 adders (D)
  A river rat (D)
  A shadow imp (D)
  2 white imps (D)
  2 ufetubi (D)
  2 spectral bats (D)
  3 bat skeletons (D)
  2 bat zombies (D)
  A jackal (D)
  A ball python (D)
  A bat simulacrum (D)
  A giant cockroach zombie (D)
  A jackal zombie (D)
  A leopard gecko skeleton (D)
  A quokka simulacrum (D)
  A quokka skeleton (D)
95 creatures vanquished.

Vanquished Creatures (collateral kills)
  A flying skull (D)
  2 necrophages (D)
3 creatures vanquished.

Grand Total: 98 creatures vanquished

Notes
Turn   | Place    | Note
-------+----------+-------------------------------------------
     0 | D        | Found the +6 Majin-Bo {vamp, Archmagi MP+6 Int+6}
     0 | D        | Found the +7 great mace "Firestarter" {inner flame, rF++}
     0 | D        | Leeroy the Barachi Skald began the quest for the Orb.
     0 | D        | Reached XP level 1. HP: 17/17 MP: 3/3
     0 | D        | Found a transporter.
     0 | D        | Found an ancient bone altar of Kikubaaqudgha.
     0 | D        | Found a viscous altar of Jiyva.
     0 | D        | Found a corrupted altar of Lugonu.
     0 | D        | Found a hazy altar of Hepliaklqana.
     0 | D        | Found a burning altar of Makhleb.
     0 | D        | Found an opulent altar of Gozag.
    24 | D        | Found the +9 heavy crossbow "Sniper" {velocity, Acc+∞ SInv}
    24 | D        | Found the +10 dark maul {crush}
    24 | D        | Found the +15 Maxwell's patent armour {-Cast -Tele rElec
                  | MR+ rCorr}
    24 | D        | Found the +18 shield of the Gong {rElec rN+ MR+ EV-5}
    24 | D        | Found the cursed +14 obsidian axe {chop, +Fly SInv *Curse}
    26 | D        | Found the +6 shillelagh "Devastator" {shatter}
    26 | D        | Found the +11 plutonium sword {*Contam Stlth-}
    26 | D        | Found the +8 lance "Wyrmbane" {slay drac, rPois rF+ rC+
                  | AC+3}
    26 | D        | Found the +9 sword of Zonguldrok {reap}
    26 | D        | Found the cursed +13 scythe of Curses {drain, *Curse}
    26 | D        | Found the +0 sword of Power
    26 | D        | Found the +7 mace of Variability {chain chaos}
    26 | D        | Found the +7 Singing Sword {slice, sonic wave}
    26 | D        | Found the +7 longbow "Piercer" {penet, EV-2}
    87 | D        | Became a worshipper of Qazlal Stormbringer
    95 | D        | Entered arena 2.
    95 | D        | Found a transporter.
    97 | D        | Reached skill level 4 in Long Blades
   100 | D        | Reached * piety under Qazlal
   100 | D        | Reached skill level 6 in Long Blades
   100 | D        | Reached XP level 2. HP: 14/23 MP: 5/5
   323 | D        | Entered arena 3.
   323 | D        | Noticed a wolf
   323 | D        | Found a transporter.
   334 | D        | Killed a wolf
   334 | D        | Reached skill level 10 in Long Blades
   334 | D        | Reached XP level 3. HP: 21/28 MP: 6/6
   334 | D        | Reached XP level 4. HP: 26/34 MP: 7/7
   349 | D        | Got the cursed +0 robe of the Tick {rF+ rCorr}
   500 | D        | Entered arena 4.
   500 | D        | Noticed a water moccasin
   500 | D        | Noticed a water moccasin
   500 | D        | Found a transporter.
   522 | D        | Reached ** piety under Qazlal
   522 | D        | Reached skill level 11 in Long Blades
   523 | D        | Killed a water moccasin
   523 | D        | Reached skill level 13 in Long Blades
   523 | D        | Reached XP level 5. HP: 17/39 MP: 8/8
   529 | D        | Killed a water moccasin
   529 | D        | Reached skill level 14 in Long Blades
   529 | D        | Reached XP level 6. HP: 14/46 MP: 9/9
   538 | D        | Got the ring of Panentheism {rF+ Str+6}
   564 | D        | Learned a level 3 spell: Spectral Weapon
   568 | D        | Learned a level 3 spell: Tukima's Dance
   815 | D        | Entered arena 5.
   815 | D        | Noticed a jumping spider
   815 | D        | Found a transporter.
   823 | D        | Reached *** piety under Qazlal
   823 | D        | Reached skill level 15 in Long Blades
   827 | D        | Reached XP level 7. HP: 51/51 MP: 10/10
   832 | D        | Killed a jumping spider
   832 | D        | Reached skill level 16 in Long Blades
   838 | D        | Got the +1 buckler of Cidgh {rPois Int+4 Slay-3}
   840 | D        | Got the cursed +0 short sword "Jaituc" {chaos, Str+4}
   844 | D        | Entered arena 6.
   844 | D        | Found a transporter.
   846 | D        | Reached **** piety under Qazlal
   855 | D        | Reached ***** piety under Qazlal
   855 | D        | Reached skill level 17 in Long Blades
   855 | D        | Reached XP level 8. HP: 57/57 MP: 11/11
   873 | D        | Learned a level 1 spell: Summon Butterflies
   901 | D        | Entered arena 7.
   901 | D        | Noticed an orange demon
   901 | D        | Noticed a sixfirhy
   901 | D        | Found a transporter.
   911 | D        | Killed a sixfirhy
   911 | D        | Reached skill level 18 in Long Blades
   927 | D        | Killed an orange demon
   927 | D        | Reached skill level 19 in Long Blades
   927 | D        | Reached XP level 9. HP: 63/64 MP: 12/12
   936 | D        | Got the ring "Vaar" {rPois rN+ MR- Str+4 Int+4}
   950 | D        | Learned a level 4 spell: Throw Icicle
   951 | D        | Entered arena 8.
   951 | D        | Noticed a rime drake
   951 | D        | Noticed a polar bear
   951 | D        | Noticed a polar bear
   951 | D        | Noticed a polar bear
   951 | D        | Noticed a rime drake
   951 | D        | Found a transporter.
   958 | D        | Killed a rime drake
   963 | D        | Killed a polar bear
   965 | D        | Killed a rime drake
   965 | D        | Reached ****** piety under Qazlal
   965 | D        | Reached skill level 5 in Fighting
   967 | D        | Killed a polar bear
   967 | D        | Reached skill level 20 in Long Blades
   967 | D        | Reached skill level 5 in Ice Magic
   972 | D        | Killed a polar bear
   996 | D        | Got the cursed +3 great sword of Integrity {freeze, -Tele
                  | Str+4 SInv}
   998 | D        | Reached XP level 10. HP: 57/79 MP: 13/13
  1193 | D        | Entered arena 9.
  1193 | D        | Noticed a black mamba
  1193 | D        | Noticed a black mamba
  1193 | D        | Noticed a black mamba
  1193 | D        | Found a transporter.
  1195 | D        | Killed a black mamba
  1199 | D        | Killed a black mamba
  1203 | D        | Killed a black mamba
  1203 | D        | Reached XP level 11. HP: 85/87 MP: 6/15
  1223 | D        | Got the Tome of Poison
  1332 | D        | Entered arena 10.
  1332 | D        | Noticed a death scarab
  1332 | D        | Noticed a mummy priest
  1332 | D        | Noticed a mummy priest
  1332 | D        | Found a transporter.
  1342 | D        | Noticed a jiangshi
  1346 | D        | Killed a death scarab
  1346 | D        | Reached skill level 10 in Ice Magic
  1347 | D        | Noticed a phantasmal warrior
  1349 | D        | Killed a mummy priest
  1352 | D        | Killed a mummy priest
  1352 | D        | Reached skill level 10 in Armour
  1352 | D        | Noticed a reaper
  1375 | D        | Entered arena 11.
  1375 | D        | Noticed a deep elf archer
  1375 | D        | Noticed an orc high priest
  1375 | D        | Noticed a deep elf sorcerer
  1375 | D        | Noticed a deep elf mage
  1375 | D        | Noticed a deep elf mage
  1375 | D        | Noticed a deep elf archer
  1375 | D        | Noticed a deep elf mage
  1375 | D        | Noticed a +2 mace of crushing
  1375 | D        | Found a transporter.
  1379 | D        | Killed a +2 mace of crushing
  1383 | D        | HP: 4/87 [acid (8)]
  1391 | D        | Killed a deep elf sorcerer
  1396 | D        | Killed a deep elf mage
  1399 | D        | Killed an orc high priest
  1399 | D        | Reached skill level 10 in Fighting
  1403 | D        | Killed a deep elf mage
  1403 | D        | Reached XP level 12. HP: 35/100 MP: 4/16
  1416 | D        | Reached skill level 5 in Dodging
  1466 | D        | Learned a level 3 spell: Dazzling Spray
  1469 | D        | Learned a level 2 spell: Ensorcelled Hibernation
  1728 | D        | Entered arena 12.
  1728 | D        | Noticed a white very ugly thing
  1737 | D        | Found a transporter.
  1738 | D        | Noticed a two-headed ogre
  1738 | D        | an elephant changed into a two-headed ogre
  1739 | D        | Noticed a shock serpent
  1739 | D        | a water nymph changed into a shock serpent
  1740 | D        | a shock serpent changed into a deep troll
  1741 | D        | Noticed an anaconda
  1741 | D        | a wolf spider changed into an anaconda
  1742 | D        | Noticed an anaconda
  1742 | D        | a faun changed into an anaconda
  1748 | D        | Noticed a fire dragon
  1748 | D        | an anaconda changed into a fire dragon
  1748 | D        | a two-headed ogre changed into a manticore
  1760 | D        | Noticed a spark wasp
  1760 | D        | a fire dragon changed into a spark wasp
  1762 | D        | a spark wasp changed into something unseen
  1764 | D        | Killed a white very ugly thing
  1764 | D        | Reached skill level 10 in Dodging
  1764 | D        | Noticed an emperor scorpion
  1764 | D        | Noticed a shock serpent
  1764 | D        | an anaconda changed into a shock serpent
  1768 | D        | Noticed a death yak
  1768 | D        | an emperor scorpion changed into a death yak
  1768 | D        | a shock serpent changed into a swamp dragon
  1773 | D        | a death yak changed into something unseen
  1777 | D        | Noticed a catoblepas
  1783 | D        | Noticed a death yak
  1791 | D        | Killed a death yak
  2185 | D        | Entered arena 13.
  2185 | D        | Noticed a reaper
  2185 | D        | Identified the cursed +0 leather armour of Satisfaction
                  | {rN+}
  2195 | D        | Found a transporter.
  2220 | D        | Killed a reaper
  2220 | D        | Reached skill level 15 in Dodging
  2231 | D        | Got the Compendium of Bewitching Fire
  2251 | D        | Got the +6 fire dragon scales of Dithmenos's Esteem {+Fly
                  | rF++ rC- MR++ rCorr Str-4}
  2472 | D        | Entered arena 14.
  2472 | D        | Noticed an ancient lich
  2484 | D        | Reached skill level 10 in Hexes
  2490 | D        | Killed an ancient lich
  2490 | D        | Gained mutation: You can hop long distances. [Barachi
                  | growth]
  2490 | D        | Reached XP level 13. HP: 33/106 MP: 4/17
  2498 | D        | Found a transporter.
  2533 | D        | Got the +2 scale mail of Grace {rPois Str+4}
  2983 | D        | Entered arena 15.
  2983 | D        | Noticed a shadow dragon
  2983 | D        | Noticed a ghoul
  2985 | D        | Noticed a shadow dragon
  3000 | D        | Killed a shadow dragon
  3000 | D        | Reached skill level 21 in Long Blades
  3000 | D        | Reached skill level 5 in Invocations
  3006 | D        | Killed a shadow dragon
  3006 | D        | Reached skill level 10 in Conjurations
  3006 | D        | Reached skill level 5 in Charms
  3012 | D        | Slain by a soul eater

Vault maps used:
D:        sprint_v

Skill      XL: |  1  2  3  4  5  6  7  8  9 10 11 12 13 |
---------------+----------------------------------------+-----
Long Blades    | 6 10 13 14 15 17 19 20 21 | 21.1
Hexes          | 4 8 18 | 18.7
Invocations    | 4 7 |  7.4
Fighting       | 3 7 8 11 | 11.4
Ice Magic      | 6 7 10 | 10.1
Conjurations   | 6 9 10 | 10.4
Spellcasting   | 3 |  3.1
Armour         | 14 | 14.4
Dodging        | 15 | 15.1
Charms         | 5 |  5.7

Action                   |  1- 3 |  4- 6 |  7- 9 | 10-12 | 13-15 || total
-------------------------+-------+-------+-------+-------+-------++-------
Melee: Demon blade       |    12 |    30 |       |       |       ||    42
       Double sword      |       |     9 |    49 |   123 |    26 ||   207
       Dagger            |       |       |       |     4 |       ||     4
       Quick blade       |       |       |       |     3 |       ||     3
 Cast: Dazzling Spray    |       |       |       |     3 |     2 ||     5
       Tukima's Dance    |       |       |       |       |     2 ||     2
Invok: Upheaval          |       |       |     1 |     9 |     6 ||    16
       Elemental Force   |       |       |       |     6 |       ||     6
       Disaster Area     |       |       |       |     2 |       ||     2
 Abil: Hop               |       |       |       |     2 |     1 ||     3
  Use: Potion            |       |       |     2 |    19 |     3 ||    24
       Scroll            |       |       |       |     8 |       ||     8
 Stab: Invisible         |       |       |       |     3 |       ||     3
  Eat: Chunk             |       |       |       |     1 |       ||     1
       Ration            |       |       |       |     1 |     1 ||     2
Armor: Plate armour      |    13 |    33 |    60 |    18 |       ||   124
       Fire dragon scale |       |       |       |    14 |    11 ||    25
Dodge: Dodged            |     1 |     2 |     1 |     5 |    12 ||    21
       Deflected         |       |       |       |     1 |       ||     1
Block: Shield            |    25 |    74 |   125 |   198 |    17 ||   439
       Rpst.: Demon blade |       |     1 |       |       |       ||     1

Table legend:
 A = Non-vault XP
 B = Vault XP
 C = Vault XP percentage of total XP
 D = Non-vault monster count
 E = Vault monster count
 F = Vault count percentage of total count
                 A         B        C        D         E       F
            +---------+---------+-------+---------+---------+-------
      Total |       0 |   43310 | 100.0 |       0 |      98 | 100.0
            +---------+---------+-------+---------+---------+-------
          D |       0 |   43310 | 100.0 |       0 |      98 | 100.0
            +---------+---------+-------+---------+---------+-------
